 Dungeon Crawl Stone Soup version 0.16.0-11-gd45b091 (webtiles) character file.

137710 grisnicke the Impaler (level 17, -4/129 HPs)
             Began as a Human Artificer on Mar 15, 2015.
             Was a High Priest of Fedhas.
             Shot with a bolt of flame by a naga sharpshooter (28 damage)
             ... on level 4 of the Snake Pit on Mar 17, 2015.
             The game lasted 06:24:06 (46465 turns).

grisnicke the Impaler (Human Artificer)            Turns: 46465, Time: 06:24:06

Health: -4/129     AC: 18    Str: 13    XL:     17   Next: 84%
Magic:  30/30      EV: 17    Int: 23    God:    Fedhas [*****.]
Gold:   476        SH:  0    Dex: 19    Spells: 5 memorised, 10 levels left

rFire  . . .     SeeInvis .     a - +5 lajatang (elec)
rCold  . . .     Clarity  .     p - +0 ring mail {MR+}
rNeg   + + .     SustAb   .     (no shield)
rPois  +         Gourm    .     O - +2 hat {MR+}
rElec  +         Spirit   .     R - +1 cloak "Hocvidio" {Str-5 Int+5 Slay+3}
rCorr  .         Warding  +     G - +2 pair of gloves
rMut   .         Stasis   .     K - +0 pair of boots of Gallantry {rElec rN+ Int+4}
MR     +++..                    m - amulet of warding {Ward, rN+, !d}
Stlth  +.........               u - +3 ring of protection
                                M - ring of Caib {rPois Str+6}

@: lethally poisoned (-4 -> -5), about to teleport, extremely resistant to
hostile enchantments, very unstealthy
A: screaming 1
a: Evolution, Sunlight, Growth, Reproduction, Rain, Renounce Religion


You were on level 4 of the Snake Pit.
You worshipped Fedhas.
Fedhas was extremely pleased with you.
You were hungry.

You visited 5 branches of the dungeon, and saw 32 of its levels.
You also visited: Labyrinth and Ossuary.

You collected 3293 gold pieces.
You spent 2817 gold pieces at shops.

Inventory:

Hand weapons
 a - a +5 lajatang of electrocution (weapon)
   (You took it off Agnes on level 1 of the Snake Pit)
 b - a +0 blowgun
   (You took it off a kobold on level 9 of the Dungeon)
 T - a +0 trident
   (You found it on level 4 of the Dungeon)
Missiles
 j - 4 curare-tipped needles
 l - 6 throwing nets {=f, !d}
 F - 95 poisoned needles
 L - 11 tomahawks of returning (quivered)
Armour
 p - a +0 ring mail of magic resistance (worn)
   (You bought it in a shop on level 5 of the Dungeon)
 G - a +2 pair of gloves (worn)
   (You bought it in a shop on level 5 of the Dungeon)
 K - the +0 pair of boots of Gallantry (worn) {rElec rN+ Int+4}
   (You bought it in a shop on level 10 of the Dungeon)

   It affects your intelligence (+4).
   It insulates you from electricity.
   It protects you from negative energy.
 O - a +2 hat of magic resistance (worn)
   (You took it off Gastronok on level 2 of the Orcish Mines)
 Q - a +2 pair of boots of running
   (You bought it in a shop on level 9 of the Dungeon)
 R - the +1 cloak "Hocvidio" (worn) {Str-5 Int+5 Slay+3}
   (You bought it in a shop on level 4 of the Orcish Mines)

   It affects your strength (-5).
   It affects your intelligence (+5).
   It affects your accuracy and damage with ranged weapons and melee attacks
   (+3).
Rods
 P - a +0 rod of ignition (14/14) {!a}
   (You took it off a gnoll on level 9 of the Dungeon)
Jewellery
 e - an uncursed amulet of clarity {Clar, !d}
   (You found it on level 5 of the Lair of Beasts)
 m - an amulet of warding (around neck) {Ward, rN+, !d}
   (You found it on level 1 of the Dungeon)
 s - an uncursed ring of flight {+Fly, !d}
   (You found it on level 4 of the Dungeon)
 u - a +3 ring of protection (right hand)
   (You bought it in a shop on level 4 of the Dungeon)
 y - an uncursed ring of see invisible {sInv, !d}
   (You found it on level 3 of the Snake Pit)
 D - an uncursed ring of protection from cold {rC+, !d}
   (You found it on level 8 of the Lair of Beasts)
 M - the ring of Caib (left hand) {rPois Str+6}
   (You found it on level 8 of the Dungeon)

   [ring of strength]

   It affects your strength (+6).
   It protects you from poison.
 Z - the ring of Ashenzari's Hatred {rPois rN++ Dex-5}
   (You found it on level 3 of the Lair of Beasts)

   [ring of poison resistance]

   It affects your dexterity (-5).
   It protects you from poison.
   It greatly protects you from negative energy.
Magical devices
 c - a wand of enslavement (5)
 d - a wand of digging (8)
   (You found it on level 13 of the Dungeon)
 g - a wand of disintegration (7)
   (You found it in a labyrinth)
 i - a wand of invisibility (5)
   (You found it on level 6 of the Dungeon)
 o - a wand of polymorph (3)
   (You found it on level 4 of the Dungeon)
 t - a wand of heal wounds (2)
   (You bought it in a shop on level 4 of the Dungeon)
 w - a wand of paralysis (9)
   (You found it on level 4 of the Snake Pit)
 A - a wand of hasting (4)
   (You took it off an orc on level 10 of the Dungeon)
Scrolls
 h - 2 scrolls of fear
 k - 4 scrolls of magic mapping {!r}
 r - 5 scrolls of blinking {!r}
 v - a scroll of holy word {!r}
 x - a scroll of fog
 H - 6 scrolls of teleportation
 J - 2 scrolls of remove curse
 S - a scroll of silence {unknown}
 Y - 6 scrolls of recharging
Potions
 n - a potion of berserk rage {unknown}
 q - 4 potions of might
 B - 4 potions of curing
 C - 4 potions of agility
 I - a potion of brilliance {unknown}
 N - 2 potions of resistance {unknown}
 V - a potion of beneficial mutation {unknown}
 W - 2 potions of magic
Miscellaneous
 X - a phial of floods (inert)
   (You found it on level 13 of the Dungeon)
Comestibles
 f - 11 bread rations {@e1}
 z - 54 fruits {!e}
 E - 3 meat rations {@e2}


   Skills:
 - Level 10.6 Fighting
   Level 1.0 Short Blades
 - Level 3.8 Maces & Flails
 - Level 16.4 Polearms
 - Level 8.2 Armour
 - Level 9.1 Dodging
 - Level 1.0 Stealth
 - Level 4.1 Spellcasting
 - Level 2.1 Charms
 + Level 13.8 Summonings
 - Level 5.0 Translocations
 - Level 2.4 Air Magic
 - Level 10.0 Invocations
 - Level 9.1 Evocations


You had 10 spell levels left.
You knew the following spells:

 Your Spells              Type           Power        Failure   Level  Hunger
a - Monstrous Menagerie   Summ           ######....   12%         6    #######
b - Blink                 Tloc           N/A          4%          2    #......
c - Call Canine Familiar  Summ           ######..     1%          3    ##.....
d - Repel Missiles        Chrm/Air       ###...       14%         2    #......
B - Summon Butterflies    Summ           ######..     1%          1    None


Dungeon Overview and Level Annotations

Branches:
Dungeon (15/15)            Temple (1/1) D:4            Lair (8/8) D:8
 Shoals (0/5) Lair:6        Snake (4/5) Lair:3        Slime (0/6) Lair:8
    Orc (4/4) D:10            Elf (0/3) Orc:4        Vaults (0/5) D:13
 Depths (0/5) D:15

Altars:
Ashenzari
Cheibriados
Dithmenos
Elyvilon
Fedhas
Kikubaaqudgha
Makhleb
Nemelex Xobeh
Okawaru
Qazlal
Ru
Sif Muna
Trog
Vehumet
Xom
Yredelemnul
Zin
The Shining One
Beogh
Jiyva

Shops:
D:4 **   D:5 =((%[   D:8 }   D:9 [   D:10 %(*   D:14 =   Orc:2 =   Orc:4 }=[[
Snake:2 !:   Snake:4 !

Annotations:
Lair:7 exclusion: 2 blink frogs
Snake:4 Vashnia


Innate Abilities, Weirdness & Mutations

You occasionally shout uncontrollably at your foes.


Message History

The naga sharpshooter gestures wildly while chanting.
The naga sharpshooter magically shoots a bolt of flame.
The bolt of flame hits you. The bolt of flame burns you.
Things that are here:
2 bolts of flame; 2 arrows of flame You take 27 damage, and have 85/129 hp.
MASSIVE DAMAGE!!
The naga sharpshooter gestures wildly while chanting.
The naga sharpshooter magically shoots an arrow of flame.
The arrow of flame hits you but does no damage.
The arrow of flame burns you.
The naga sharpshooter spits poison at you.
The splash of poison hits you! You resist.
You see here 2 arrows of flame.
The naga sharpshooter shoots a bolt of flame.
The bolt of flame misses you.
The naga sharpshooter shouts!
The naga sharpshooter casts a spell.
The naga sharpshooter magically shoots a bolt.
The bolt hits you! The bolt burns you.
You see here a bolt.
You take 15 damage, and have 70/129 hp.
You slice the naga sharpshooter!!!
The naga sharpshooter shoots a bolt of flame.
The bolt of flame hits you! The bolt of flame burns you.
You take 14 damage, and have 56/129 hp.
You hit the naga sharpshooter but do no damage.
You slash the naga sharpshooter!!
There is a sudden explosion of sparks!
The naga sharpshooter gestures wildly while chanting.
The naga sharpshooter magically shoots a bolt.
The bolt hits you!!
* * * LOW HITPOINT WARNING * * *
The bolt burns you!
* * * LOW HITPOINT WARNING * * *
You take 34 damage, and have 22/129 hp.
MASSIVE DAMAGE!!
Okay, then.
Drink which item? (? for menu, Esc to quit)
You feel much better.
You regained 28 hp, and now have 50/129 hp.
You feel much better.
This wand has 4 charges left.
The naga sharpshooter shoots an arrow of flame.
The arrow of flame completely misses you.
You regained 16 hp, and now have 66/129 hp.
You slash the naga sharpshooter!
The naga sharpshooter spits poison at you.
The splash of poison hits you!
You are poisoned.
You resist.
You slash the naga sharpshooter!!
There is a sudden explosion of sparks!
You kill the naga sharpshooter!
You feel sick.
The naga sharpshooter mumbles some strange words.
The naga sharpshooter magically shoots a bolt of flame.
The bolt of flame hits you! The bolt of flame burns you.
The naga sharpshooter mumbles some strange words.
The naga sharpshooter magically shoots a bolt.
The bolt hits you!!
* * * LOW HITPOINT WARNING * * *
The bolt burns you.
* * * LOW HITPOINT WARNING * * *
You take 37 damage, and have 29/129 hp.
MASSIVE DAMAGE!!
You feel much better.
This wand has 3 charges left.
The naga sharpshooter shoots a bolt of flame.
The bolt of flame hits you!!
* * * LOW HITPOINT WARNING * * *
The bolt of flame burns you!
* * * LOW HITPOINT WARNING * * *
The naga sharpshooter gestures wildly while chanting.
The naga sharpshooter magically shoots a bolt.
The bolt hits you.
* * * LOW HITPOINT WARNING * * *
The bolt burns you.
* * * LOW HITPOINT WARNING * * *
You take 20 damage, and have 9/129 hp.
Aim the phial where?
Aim: a naga sharpshooter, wielding an arbalest and wearing a robe (heavily wounded)
The flood of elemental water misses the naga sharpshooter.
The wave splashes down.
Splash!
You fall into the shallow water.
Moving in this stuff is going to be slow.
The water rises up and takes form.
You feel sick.
The naga sharpshooter shoots a bolt of flame.
The bolt of flame hits your water elemental!!
The bolt of flame burns your water elemental!
You hear a splash.
You take 1 damage, and have 8/129 hp.
Read which item? (? for menu, Esc to quit)
As you read the scroll of teleportation, it crumbles to dust.
You feel strangely unstable.
Your water elemental hits the naga sharpshooter.
Okay, then.
You feel much better.
This wand has 2 charges left.
You feel sick.
The naga sharpshooter mumbles some strange words.
The naga sharpshooter magically shoots a bolt of flame.
The bolt of flame hits you!!
You die...
Fedhas appreciates your contribution to the ecosystem.

#...........
#...........
############
#E###################
#NNE@.(((.((.........
#≈###################


You could see 2 naga sharpshooters and 2 friendly water elementals.

Vanquished Creatures
  2 greater nagas (Snake:4)
  An orc warlord (Orc:4)
  Gastronok (Orc:2)
  An ettin (Orc:4)
  13 slime creatures
  A minotaur (Lab)
  A rakshasa (D:15)
  2 fire dragons (D:15)
  3 hydras
  2 naga warriors (Snake:4)
  A catoblepas (D:15)
  8 anacondas
  Erica (Lair:2)
  6 centaur warriors
  An ogre mage (D:13)
  5 death yaks (Lair:7)
  4 orc high priests (Orc:4)
  A tengu warrior (D:15)
  6 naga sharpshooters
  A sun demon (Orc:4)
  Nergalle (D:10)
  2 shock serpents
  A salamander mystic (Snake:4)
  2 unseen horrors
  A wizard (D:15)
  Erolcha (D:8)
  A giant orange brain (D:15)
  4 naga ritualists
  3 hill giants
  2 orc knights
  6 mana vipers
  A manticore (D:14)
  3 griffons
  6 cyclopes
  2 sixfirhies (Orc:4)
  12 ugly things
  3 orc sorcerers (Orc:4)
  3 salamanders (Snake:4)
  A centaur zombie (D:10)
  5 elephants
  A smoke demon (Orc:4)
  Joseph (D:10)
  A rust devil (Orc:4)
  25 black mambas
  3 kobold demonologists
  2 torpor snails (Lair:8)
  9 blink frogs
  A komodo dragon (shapeshifter) (D:15)
  2 naga magi (Snake:4)
  5 spiny frogs
  4 komodo dragons
  A tengu conjurer (D:15)
  2 fire drakes
  A yaktaur (D:13)
  An efreet (D:15)
  A freezing wraith (D:15)
  A queen bee (D:14)
  12 trolls
  A spriggan druid (Lair:7)
  5 two-headed ogres
  3 polar bears (Lair:8)
  2 snapping turtles
  2 redbacks (Lair:8)
  A basilisk (shapeshifter) (D:14)
  4 deep elf magi
  4 shadows
  6 spriggans (Lair:8)
  2 wraiths
  2 wyverns
  A hungry ghost (D:12)
  38 yaks
  17 wolves
  3 wargs
  A mottled dragon (D:14)
  10 vampire mosquitoes
  6 hippogriffs
  22 nagas
  23 water moccasins
  A soldier ant (shapeshifter) (D:14)
  2 sky beasts
  10 black bears
  9 porcupines
  A swamp drake (Orc:3)
  A phantom (D:6)
  A soldier ant (D:11)
  53 orc warriors
  23 centaurs
  2 ice beasts (D:11)
  5 boggarts (D:14)
  An eye of draining (D:9)
  19 ogres
  13 crocodiles
  A crocodile (shapeshifter) (D:15)
  A boring beetle (shapeshifter) (D:15)
  A boring beetle (Lair:8)
  Sigmund (D:7)
  3 big kobolds
  16 giant frogs
  Blork the orc (Orc:3)
  A giant frog (shapeshifter) (D:15)
  4 scorpions
  A wyvern skeleton (D:9)
  25 killer bees
  A troll skeleton (Lab)
  A spriggan skeleton (Lab)
  10 wights
  2 electric eels
  4 goliath beetles
  11 crimson imps
  A quasit (D:10)
  An iron imp (Orc:3)
  23 orc priests
  4 jellies
  Crazy Yiuf (D:2)
  5 iguanas
  13 hounds
  7 centaur skeletons
  7 giant frog skeletons
  7 worker ants
  Natasha (D:4)
  4 human skeletons (D:7)
  2 hell rats (Lair:5)
  26 orc wizards
  17 sheep
  An ogre skeleton (Lab)
  7 big kobold skeletons (Ossuary)
  5 mummies
  A hound skeleton (D:7)
  Robin (D:5)
  38 river rats
  9 gnolls
  29 adders
  2 shadow imps
  4 giant mites
  A white imp (Orc:3)
  3 worms
  5 giant geckos
  An ooze (D:1)
  223 orcs
  2 spectral bats (Ossuary)
  4 bat simulacra (Ossuary)
  3 giant cockroaches
  25 goblins
  24 hobgoblins
  15 jackals
  28 kobolds
  12 quokkas
  5 ball pythons
  24 bats
  A giant cockroach zombie (D:5)
  A giant gecko skeleton (D:7)
  6 giant newts
  4 gnoll skeletons (Ossuary)
  A gnoll zombie (Ossuary)
  A goblin simulacrum (Ossuary)
  5 goblin skeletons (Ossuary)
  A goblin zombie (Ossuary)
  5 hobgoblin skeletons (Ossuary)
  A hobgoblin zombie (D:7)
  2 jackal skeletons
  3 kobold simulacra (Ossuary)
  4 kobold skeletons
  6 orc skeletons
  A quokka skeleton (D:4)
  15 rats
  6 rat simulacra (Ossuary)
  3 spectral goblins (Ossuary)
  2 spectral kobolds (Ossuary)
  A spectral rat (Ossuary)
1232 creatures vanquished.

Vanquished Creatures (collateral kills)
  Agnes (Snake:1)
  An anaconda (Snake:1)
  2 orc high priests (Orc:4)
  10 death yaks (Lair:7)
  A naga sharpshooter (Snake:4)
  An unseen horror (D:11)
  A mana viper (Snake:1)
  An ugly thing (D:14)
  A cyclops (D:15)
  An orc knight (D:15)
  2 orc sorcerers (Orc:4)
  13 elephants (Lair:7)
  A torpor snail (Lair:8)
  3 black mambas
  9 komodo dragons
  8 spiny frogs
  2 fire drakes
  A yaktaur (D:13)
  A spriggan druid (Lair:8)
  5 polar bears
  A two-headed ogre (D:12)
  A boulder beetle (Lair:7)
  10 blink frogs
  4 wandering mushrooms
  A redback (Lair:8)
  5 wyverns (Lair:7)
  9 yaks
  5 spriggans
  3 hippogriffs
  15 wolves
  A neqoxec (Orc:4)
  3 wargs
  8 water moccasins
  A porcupine (Lair:7)
  6 orc warriors
  2 vampire mosquitoes
  3 black bears
  An ice beast (D:9)
  3 wasps
  6 ogres
  A boring beetle (Lair:7)
  4 crocodiles
  A big kobold (D:8)
  2 giant frogs
  A killer bee (Lair:8)
  A scorpion (D:7)
  A crimson imp (D:10)
  A goliath beetle (D:8)
  2 wights
  4 hounds
  7 orc priests
  2 orc wizards
  A worker ant (D:8)
  9 sheep
  A hound skeleton (D:9)
  A mummy (D:7)
  20 river rats
  3 adders
  A giant mite (D:7)
  A giant gecko (D:9)
  38 orcs
  A ball python (Lair:3)
  2 hobgoblins
  2 jackals (D:8)
  A quokka (Lair:5)
  3 bats (D:9)
  5 goblins
  2 kobolds (D:9)
  2 rats
  A toadstool (Orc:4)
274 creatures vanquished.

Vanquished Creatures (others)
  6 oklob plants
  An unseen horror (D:14)
  An orc knight (Orc:4)
  A wolf spider zombie (D:15)
  A hyperactive ballistomycete (D:9)
  A raven (D:15)
  A yak (D:9)
  4 wolves
  An orc warrior (Orc:4)
  An ice beast (D:9)
  6 necrophages
  An orc skeleton (Orc:4)
  3 wights (D:9)
  An electric eel (D:10)
  Dowan (D:4)
  12 hounds
  A worker ant (D:9)
  3 orc wizards
  2 adders
  2 orcs
  A hobgoblin (D:9)
  A kobold (D:9)
  2 giant spores
  A rat (D:9)
  47 wandering mushrooms
  4 ballistomycetes (D:9)
  A butterfly (D:8)
  25 fungi
  20 plants
  1206 toadstools
1358 creatures vanquished.

Grand Total: 2864 creatures vanquished

Notes
Turn   | Place    | Note
--------------------------------------------------------------
     0 | D:1      | grisnicke, the Human Artificer, began the quest for the Orb.
     0 | D:1      | Reached XP level 1. HP: 15/15 MP: 1/1
   103 | D:1      | Reached XP level 2. HP: 18/21 MP: 3/3
   254 | D:1      | Reached skill level 2 in Fighting
   311 | D:1      | Reached XP level 3. HP: 27/27 MP: 4/4
   815 | D:2      | Found a shimmering altar of Xom.
  1020 | D:2      | Noticed Crazy Yiuf
  1029 | D:2      | Killed Crazy Yiuf
  1029 | D:2      | Reached skill level 3 in Fighting
  1029 | D:2      | Reached skill level 4 in Evocations
  1029 | D:2      | Reached XP level 4. HP: 35/35 MP: 4/6
  1793 | D:2      | Reached XP level 5. HP: 41/41 MP: 8/8
  2008 | D:3      | HP: 10/41 [orc priest/short sword (3)]
  2586 | D:3      | Reached skill level 5 in Evocations
  2603 | D:3      | Reached skill level 4 in Fighting
  2603 | D:3      | Reached XP level 6. HP: 35/48 MP: 11/11
  2935 | D:4      | Noticed Duvessa
  2946 | D:4      | Found a staircase to the Ecumenical Temple.
  2959 | Temple   | Entered the Ecumenical Temple
  3176 | D:4      | Found Crockoino's Assorted Antiques.
  3188 | D:4      | Bought a scroll labeled SIUFACKALEG for 25 gold pieces
  3188 | D:4      | Bought a wooden ring for 125 gold pieces
  3382 | D:4      | Found a blossoming altar of Fedhas.
  3451 | D:4      | Noticed Robin
  3451 | D:4      | Noticed Natasha
  3462 | D:4      | Noticed Dowan
  3643 | D:4      | Reached skill level 5 in Fighting
  3795 | D:4      | Found Trys' General Store.
  3829 | D:5      | Entered Level 5 of the Dungeon
  3839 | D:5      | Found Yxereaf's Jewellery Boutique.
  3889 | D:5      | Reached XP level 7. HP: 53/56 MP: 13/13
  4013 | D:5      | Found Ciduh's Food Shoppe.
  4106 | D:5      | Found a white marble altar of Elyvilon.
  4153 | D:5      | Found Axokiga's Armour Shoppe.
  4209 | D:5      | Reached skill level 2 in Polearms
  4429 | D:5      | Found Xyv Mun's Antique Weapon Emporium.
  4500 | D:5      | Found Shrawudgh's Antique Weapon Shop.
  4987 | D:4      | Became a worshipper of Fedhas Madash
  5115 | D:6      | Reached skill level 3 in Polearms
  5315 | D:6      | Found a bloodstained altar of Trog.
  5328 | D:6      | Reached skill level 4 in Polearms
  5607 | D:5      | Bought a +0 pair of gloves for 45 gold pieces
  5704 | D:6      | Reached XP level 8. HP: 62/62 MP: 15/15
  5749 | D:6      | Reached skill level 5 in Polearms
  5753 | D:6      | Acquired Fedhas' first power
  6037 | D:6      | Found a snail-covered altar of Cheibriados.
  6130 | D:7      | Reached skill level 6 in Polearms
  6196 | D:7      | Reached skill level 7 in Polearms
  6261 | D:7      | Upgraded the game from 0.16.0-7-ge91f220 to 0.16.0-8-gd9ae3a8
  6281 | D:7      | Reached skill level 2 in Maces & Flails
  6347 | D:7      | Reached skill level 3 in Maces & Flails
  6366 | D:7      | Reached XP level 9. HP: 51/68 MP: 17/17
  6373 | D:7      | Found a sand-covered staircase.
  6378 | Ossuary  | Entered an ossuary
  6482 | Ossuary  | Acquired Fedhas' second power
  6937 | Ossuary  | Acquired Fedhas' third power
  7075 | D:7      | Found a shattered altar of Ashenzari.
  7090 | D:7      | Reached skill level 8 in Polearms
  7144 | D:7      | Noticed Sigmund
  7151 | D:7      | Killed Sigmund
  7367 | D:7      | Found a basalt altar of Yredelemnul.
  7390 | D:7      | Reached skill level 9 in Polearms
  7819 | D:8      | Reached skill level 1 in Armour
  7853 | D:8      | Found a stormy altar of Qazlal.
  7874 | D:8      | Reached skill level 1 in Invocations
  7926 | D:8      | Found a sacrificial altar of Ru.
  8053 | D:8      | Reached skill level 2 in Armour
  8053 | D:8      | Reached skill level 2 in Invocations
  8084 | D:8      | Found a shadowy altar of Dithmenos.
  8116 | D:8      | Noticed Erolcha
  8122 | D:8      | Found a staircase to the Lair.
  8122 | D:8      | Noticed an elephant
  8167 | D:7      | Reached skill level 3 in Invocations
  8241 | D:8      | Killed an elephant
  8241 | D:8      | Reached skill level 3 in Armour
  8241 | D:8      | Reached skill level 4 in Invocations
  8241 | D:8      | Reached XP level 10. HP: 55/74 MP: 18/18
  8306 | D:8      | Found a shimmering altar of Xom.
  8385 | D:8      | Reached skill level 4 in Armour
  8387 | D:8      | Acquired Fedhas' fourth power
  8411 | D:8      | Found Igyargh's Gadget Shoppe.
  8474 | D:8      | Reached skill level 5 in Invocations
  8495 | D:8      | Got a transparent copper ring
  8824 | D:9      | Reached skill level 3 in Dodging
  8842 | D:9      | Reached skill level 6 in Invocations
  8939 | D:9      | Reached skill level 4 in Dodging
  9011 | D:9      | Found a radiant altar of Vehumet.
  9246 | D:9      | Identified a +0 rod of ignition (14/14) {!a} (You took it off a gnoll on level 9 of the Dungeon)
  9427 | D:9      | Reached skill level 7 in Invocations
  9460 | D:9      | Reached skill level 5 in Dodging
  9557 | D:9      | Found Hyomoump's Antique Armour Shoppe.
  9566 | D:9      | Bought a pair of runed boots for 153 gold pieces
  9571 | D:9      | Identified a +1 pair of boots of running (You bought it in a shop on level 9 of the Dungeon)
  9895 | Lair:1   | Entered Level 1 of the Lair of Beasts
  9942 | Lair:1   | Reached XP level 11. HP: 64/79 MP: 22/22
 10070 | Lair:1   | Reached skill level 6 in Dodging
 10070 | Lair:1   | Reached skill level 8 in Invocations
 10162 | Lair:1   | Noticed a spiny frog
 10170 | Lair:1   | Killed a spiny frog
 10190 | Lair:1   | Noticed a seven-headed hydra
 10204 | Lair:1   | Killed a seven-headed hydra
 10204 | Lair:1   | Reached skill level 10 in Polearms
 10426 | Lair:1   | Identified the ring of Caib {rPois Str+6} (You found it on level 8 of the Dungeon)
 10714 | Lair:1   | Noticed a spiny frog
 10725 | Lair:1   | Killed a spiny frog
 10797 | Lair:2   | Noticed Erica
 10979 | Lair:2   | Reached skill level 11 in Polearms
 11190 | Lair:2   | Killed Erica
 11824 | Lair:3   | Reached skill level 12 in Polearms
 11845 | Lair:3   | Found a staircase to the Snake Pit.
 11908 | Lair:3   | Reached XP level 12. HP: 65/86 MP: 23/23
 12104 | Lair:3   | Noticed a griffon
 12120 | Lair:3   | Killed a griffon
 12215 | Lair:3   | HP: 18/86 [blink frog (10)]
 12218 | Lair:3   | Reached skill level 13 in Polearms
 12518 | Lair:3   | Got a vibrating jade ring
 13285 | D:5      | Killed Robin
 13331 | D:4      | Noticed Duvessa
 13331 | D:4      | Duvessa changed into Duvessa the wasp
 13335 | D:4      | Dowan (ally) was killed
 13335 | D:4      | Your ally died
 13337 | D:4      | Killed Duvessa the wasp
 13353 | D:4      | Killed Natasha
 13368 | D:4      | Bought a scroll of remove curse for 75 gold pieces
 13380 | D:4      | Identified the ring of Ashenzari's Hatred {rPois rN++ Dex-5} (You found it on level 3 of the Lair of Beasts)
 13745 | Lair:4   | Reached skill level 14 in Polearms
 13751 | Lair:4   | Acquired Fedhas' fifth power
 14287 | Lair:5   | Reached skill level 6 in Fighting
 14325 | Lair:5   | Found an ancient bone altar of Kikubaaqudgha.
 14536 | Lair:5   | Reached skill level 7 in Dodging
 14981 | Lair:5   | Got a shimmering leather armour
 15442 | Lair:5   | Noticed a six-headed hydra
 15457 | Lair:5   | Killed a six-headed hydra
 15457 | Lair:5   | Reached skill level 7 in Fighting
 15484 | Lair:5   | Reached XP level 13. HP: 77/96 MP: 25/25
 15551 | Lair:6   | Reached skill level 8 in Fighting
 15785 | Lair:6   | Identified the +2 leather armour of Qiefag {MR- Regen+ Int+5} (You found it on level 5 of the Lair of Beasts)
 15850 | Lair:6   | Reached skill level 9 in Fighting
 16028 | Lair:6   | Found a staircase to the Shoals.
 16386 | Lair:7   | Reached skill level 10 in Fighting
 17348 | Lair:7   | Reached skill level 9 in Invocations
 17665 | Lair:7   | Reached skill level 10 in Invocations
 17923 | Lair:7   | Reached skill level 6 in Evocations
 18143 | Lair:7   | Reached skill level 7 in Evocations
 18187 | Lair:7   | Reached XP level 14. HP: 54/111 MP: 26/27
 18188 | Lair:7   | Reached skill level 8 in Evocations
 18422 | Lair:8   | Entered Level 8 of the Lair of Beasts
 18692 | Lair:8   | Reached skill level 9 in Evocations
 18798 | Lair:8   | Learned a level 3 spell: Call Canine Familiar
 18894 | Lair:8   | Reached skill level 1 in Summonings
 18978 | Lair:8   | Reached skill level 2 in Summonings
 19005 | Lair:8   | Found a viscous altar of Jiyva.
 19005 | Lair:8   | Found a staircase to the Slime Pits.
 19261 | Lair:8   | Found a snail-covered altar of Cheibriados.
 19352 | Lair:8   | Reached skill level 3 in Summonings
 19728 | Lair:8   | Reached skill level 4 in Summonings
 20031 | Lair:8   | Reached skill level 5 in Summonings
 20065 | Lair:8   | Learned a level 1 spell: Summon Butterflies
 20425 | Lair:8   | Reached skill level 6 in Summonings
 21062 | Lair:8   | Reached skill level 7 in Summonings
 21071 | Lair:8   | Learned a level 6 spell: Monstrous Menagerie
 21821 | Lair:8   | Reached skill level 8 in Summonings
 22394 | Lair:8   | HP: 26/111 [crocodile (9)]
 22794 | D:4      | Bought a wand of heal wounds (5) for 702 gold pieces
 22908 | D:10     | Entered Level 10 of the Dungeon
 22972 | D:10     | Found a staircase to the Orcish Mines.
 23048 | D:10     | Found Xekui's General Store.
 23258 | D:10     | Noticed Nergalle
 23313 | D:10     | Killed Nergalle
 23379 | D:10     | Found Vierioh Chiz's Antique Weapon Emporium.
 23449 | D:10     | Reached skill level 9 in Summonings
 23530 | D:10     | Noticed Joseph
 23581 | D:10     | Found Sehid's Food Shop.
 24049 | D:4      | Bought a scroll of identify for 50 gold pieces
 24087 | D:5      | Bought a +0 ring mail of magic resistance for 110 gold pieces
 24251 | Orc:1    | Entered Level 1 of the Orcish Mines
 24299 | Orc:2    | Noticed Gastronok
 24387 | Orc:2    | Killed Gastronok
 24460 | Orc:2    | Found a burning altar of Makhleb.
 24891 | Orc:3    | Upgraded the game from 0.16.0-8-gd9ae3a8 to 0.16.0-11-gd45b091
 24911 | Orc:2    | Found Giutizir's Jewellery Shop.
 25335 | Orc:1    | Reached XP level 15. HP: 117/117 MP: 28/28
 25601 | Orc:3    | Noticed Blork the orc
 25614 | Orc:3    | Killed Blork the orc
 25705 | Orc:3    | Learned a level 2 spell: Blink
 25708 | Orc:3    | Learned a level 2 spell: Repel Missiles
 25716 | Orc:3    | Got an ancient hat
 26174 | Orc:4    | Entered Level 4 of the Orcish Mines
 26398 | Orc:4    | Reached skill level 1 in Charms
 26965 | Orc:4    | Found a roughly hewn altar of Beogh.
 27011 | Orc:4    | Reached skill level 2 in Charms
 27310 | Orc:4    | Found Arenuoh's Gadget Boutique.
 27342 | Orc:4    | Found Crean's Jewellery Shop.
 27637 | Orc:4    | Reached skill level 1 in Air Magic
 28048 | Orc:4    | Noticed an orc warlord
 28080 | Orc:4    | Killed an orc warlord
 28080 | Orc:4    | Reached skill level 2 in Air Magic
 28108 | Orc:4    | Found a roughly hewn altar of Beogh.
 28473 | Orc:4    | Reached skill level 1 in Translocations
 28481 | Orc:4    | Gained mutation: You occasionally shout uncontrollably at your foes. [a neqoxec]
 28486 | Orc:4    | Reached skill level 15 in Polearms
 28832 | Orc:4    | Reached skill level 2 in Translocations
 29111 | Orc:4    | Found Ketaan's Armour Boutique.
 29378 | Orc:4    | Found Mooc's Antique Armour Shop.
 29729 | Orc:4    | Found a staircase to the Elven Halls.
 29793 | Orc:4    | Reached skill level 3 in Translocations
 29805 | Orc:4    | HP: 16/117 [orc sorcerer/bolt of fire (17)]
 30333 | D:11     | Found a labyrinth entrance.
 30392 | Lab      | Entered a labyrinth
 30641 | Lab      | Got a shimmering leather armour
 30645 | Lab      | Identified the Catalogue of the Oath
 30659 | Lab      | Identified the Catalogue of Translocation (You found it in a labyrinth)
 30895 | D:8      | Found a burning altar of Makhleb.
 31009 | D:8      | Killed Erolcha
 31129 | D:10     | Killed Joseph
 31584 | D:11     | Reached skill level 4 in Translocations
 32612 | D:12     | Reached skill level 16 in Polearms
 32677 | D:12     | Reached XP level 16. HP: 117/124 MP: 29/29
 33307 | D:4      | Bought a scroll of acquirement for 676 gold pieces
 33751 | D:9      | Bought a brightly glowing ring mail for 306 gold pieces
 33753 | D:9      | Identified the +4 ring mail of Qazlal's Generosity {rC- rN++ MR- Str+4} (You bought it in a shop on level 9 of the Dungeon)
 34003 | D:13     | Reached skill level 5 in Translocations
 34182 | D:13     | Reached skill level 5 in Armour
 34201 | D:13     | Found a gate to the Vaults.
 34564 | D:14     | Found Ycaot's Jewellery Emporium.
 34581 | D:14     | Bought a cursed ring of loudness for 49 gold pieces
 34703 | D:14     | Reached skill level 6 in Armour
 35480 | D:14     | Reached skill level 7 in Armour
 35828 | D:14     | Reached skill level 8 in Armour
 36297 | Orc:4    | Bought a smoking cloak for 190 gold pieces
 36299 | Orc:4    | Identified the +1 cloak "Hocvidio" {Str-5 Int+5 Slay+3} (You bought it in a shop on level 4 of the Orcish Mines)
 36612 | D:15     | Entered Level 15 of the Dungeon
 36619 | D:15     | Found an ancient bone altar of Kikubaaqudgha.
 36678 | D:15     | Reached skill level 10 in Summonings
 38166 | D:15     | Found a staircase to the Depths.
 38294 | D:13     | Identified the -2 hat of Least Resistance {rPois rC- rCorr} (You found it on level 3 of the Orcish Mines)
 38634 | D:15     | Reached skill level 11 in Summonings
 38802 | D:15     | Reached skill level 8 in Dodging
 39662 | D:15     | Found a sacrificial altar of Ru.
 39988 | D:10     | Bought the +0 pair of boots of Gallantry {rElec rN+ Int+4} for 311 gold pieces
 40112 | Snake:1  | Entered Level 1 of the Snake Pit
 40121 | Snake:1  | Reached XP level 17. HP: 88/129 MP: 30/30
 40393 | Snake:1  | Noticed Agnes
 40403 | Snake:1  | Killed Agnes
 41516 | Snake:2  | Reached skill level 9 in Dodging
 41865 | Lair:1   | Identified the +0 leather armour of the Buccaneer {rCorr Stlth+} (You took it off a minotaur in a labyrinth)
 41990 | Snake:2  | Found Thecudaph's Distillery.
 42030 | Snake:2  | Found Doydaon's Book Shop.
 42121 | Snake:2  | Reached skill level 12 in Summonings
 44097 | Snake:4  | Found Arorghezi's Distillery.
 44296 | Snake:4  | Reached skill level 1 in Spellcasting
 44376 | Snake:4  | Reached skill level 13 in Summonings
 44399 | Snake:4  | Reached skill level 2 in Spellcasting
 44981 | Snake:4  | Reached skill level 3 in Spellcasting
 45514 | Snake:4  | HP: 32/129 [salamander/enchanted spear (12)]
 45652 | Snake:4  | HP: 25/129 [anaconda (13)]
 46018 | Snake:4  | Reached skill level 4 in Spellcasting
 46034 | Snake:4  | Noticed Vashnia
 46457 | Snake:4  | HP: 31/129 [naga sharpshooter/bolt (25)]
 46462 | Snake:4  | HP: 25/129 [naga sharpshooter/bolt of flame (24)]
 46462 | Snake:4  | HP: 11/129 [naga sharpshooter/bolt (6)]
 46465 | Snake:4  | Shot with a bolt of flame by a naga sharpshooter

Action                   |  1- 3 |  4- 6 |  7- 9 | 10-12 | 13-15 | 16-18 || total
-------------------------+-------+-------+-------+-------+-------+-------++-------
Melee: Short sword       |    95 |    16 |       |       |       |       ||   111
       Whip              |       |   143 |       |       |       |       ||   143
       Trident           |       |    15 |   444 |   531 |       |       ||   990
       Glaive            |       |       |       |   151 |  1127 |   504 ||  1782
       Staff             |       |       |       |       |  1058 |       ||  1058
       Lajatang          |       |       |       |       |       |   273 ||   273
 Fire: Blowgun           |       |       |       |    97 |   103 |    25 ||   225
Throw: Stone             |     5 |     5 |    17 |    12 |       |       ||    39
       Tomahawk          |       |       |       |     4 |    87 |     9 ||   100
 Cast: Call Canine Famil |       |       |       |       |    19 |     6 ||    25
       Repel Missiles    |       |       |       |       |     4 |     5 ||     9
       Summon Butterflie |       |       |       |       |     2 |       ||     2
Invok: Evolution         |       |       |     4 |    10 |    36 |    17 ||    67
       Sunlight          |       |       |       |       |       |     1 ||     1
 Abil: Evoke Teleportati |       |       |       |       |     2 |       ||     2
       Evoke Flight      |       |       |       |       |     2 |       ||     2
Evoke: Wand              |    11 |     4 |    51 |    19 |    57 |     6 ||   148
       Rod               |       |       |       |     2 |       |       ||     2
       Phial of floods   |       |       |       |       |       |     2 ||     2
  Use: Scroll            |       |    13 |    13 |     9 |     7 |    12 ||    54
       Potion            |       |       |       |     4 |     3 |     6 ||    13
 Stab: Paralysed         |     3 |       |       |       |       |       ||     3
       Confused          |       |       |     3 |    10 |    43 |     3 ||    59
       Sleeping          |       |       |     1 |     4 |     8 |     2 ||    15
       Invisible         |       |       |       |     2 |     2 |     1 ||     5
       Distracted        |       |       |       |     2 |    16 |     6 ||    24
       Betrayed ally     |       |       |       |       |     1 |       ||     1
  Eat: Chunk             |       |     9 |     6 |    17 |    18 |    11 ||    61
       Beef jerky        |       |       |     2 |       |     3 |     4 ||     9
       Royal jelly       |       |       |     1 |     1 |     1 |       ||     3
       Pizza             |       |       |     1 |     2 |     3 |     2 ||     8
       Meat ration       |       |       |     1 |       |     6 |     4 ||    11
       Bread ration      |       |       |       |       |       |     1 ||     1

Vault maps used:
D:1:      onia_arrival_handbag
D:2:      xom_butterflies, first_bread, uniq_crazy_yiuf_cottage
D:3:      lemuel_round_altar
D:4:      minmay_door_path, fedhas_altar_fruit_tree, minmay_temple_entry_glass,
          serial_shops, shop, nicolae_shop_window_shopping, uniq_robin,
          uniq_duvessa, uniq_natasha
D:5:      lemuel_doored_altar, serial_shops, nicolae_shop_trees, shop,
          shop_statue, shop, shop
D:6:      beetle_altar_2, trog_ov_bears_minmay
D:7:      old_forge, lemuel_mausoleum_altar_yredelemnul, ashenzari_altar_1,
          nicolae_ossuary_entry_giza, kennysheep_generic_room_14, uniq_sigmund
D:8:      lemuel_round_altar, grunt_qazlal_clouds,
          nicolae_overflow_hidden_temple, david_lair_generic,
          hangedman_feature_mirror, blue_anna_alchemist,
          hangedman_decor_slide_cut, kennysheep_windowed_goal, uniq_erolcha
D:9:      minmay_four_partial_circles, lemuel_crystal_altar, serial_shops,
          shop_fountains
D:10:     wad_bat_island, hiddenorc2_lemuel, serial_shops, kennysheep_mini,
          nicolae_shop_crystal, shop, uniq_nergalle, uniq_joseph
D:11:     lab_entry_generic, minivault_27
D:13:     hangedman_vaults_entry_quadrant_bands
D:14:     serial_shops, shop, kennysheep_cross_bottleneck,
          nicolae_looking_at_the_future
D:15:     gammafunk_enter_depths_forms, basic_altar,
          nicolae_ru_the_path_less_chosen, special_room
Temple:   temple_island_7
Lair:1:   grunt_megastairs_2, infiniplex_staircase_pool
Lair:2:   grunt_forest_stairs_clearing, serial_bayou_shore_b,
          serial_bayou_shore_b, uniq_erica
Lair:3:   minmay_snake_entry_six_corridors, lemuel_fruit_tree
Lair:4:   lemuel_fruit_fields
Lair:5:   kennysheep_rathole, basic_altar, minivault_24, serial_bayou_shore_b,
          serial_bayou_shore_a
Lair:6:   minmay_shoals_entry_hut, hibernation_bobbens, grunt_megastairs_4
Lair:7:   beast_lair_carwin_7
Lair:8:   minmay_lair_end_enchanted_forest, slime_altar_1,
          kennysheep_snail_temple, serial_bayou_shore_b
Snake:1:  st_stairs_12, uniq_agnes
Snake:2:  serial_shops, shop, shop
Snake:4:  serial_shops, nicolae_shop_waterfront, uniq_vashnia
Orc:2:    basic_altar, serial_shops, shop, uniq_gastronok
Orc:3:    nicolae_orc_pool_cavern, hangedman_minor_magic
Orc:4:    pubby_orc_utopia
Lab:      nicolae_lab_dead_adventurers, nicolae_lab_hexagon,
          labyrinth_lava_lair, nicolae_lab_flowing_pool, labyrinth_fake_exit,
          nicolae_lab_garden, nicolae_lab_quarters, labyrinth_skeletal_remains,
          labyrinth_glass_1, nicolae_lab_big_swirl
Ossuary:  ossuary_zaba_two_paths

Table legend:
 A = Turns spent in this place as a percentage of turns spent in the entire game.
 B = Non-inter-level travel turns spent in this place as a percentage of non-inter-level travel turns spent in the entire game.
 C = Inter-level travel turns spent in this place as a percentage of turns spent in this place.
 D = Turns resting spent in this place as a percentage of non-inter-level travel turns spent in this place.
 E = Turns spent auto-exploring this place as a percentage of non-inter-level travel turns spent in this place.
 F = Non-inter-level travel turns spent in this place divided by the number of levels of this place that you've seen.
                   A       B       C       D       E      F
               +-------+-------+-------+-------+-------+----------------------
         Total | 100.0 | 100.0 |   0.5 |   1.4 |   1.6 | 676.9
       Dungeon |  41.1 |  41.0 |   0.8 |   1.3 |   1.8 | 628.4
        Temple |   0.1 |   0.1 |   0.0 |   0.0 |   2.9 |  34.0
          Lair |  33.9 |  34.0 |   0.3 |   0.9 |   0.9 | 978.5
     Snake Pit |   7.9 |   7.9 |   0.4 |   4.8 |   3.0 | 455.5
  Orcish Mines |  13.8 |  13.9 |   0.4 |   1.1 |   2.2 | 797.0
     Labyrinth |   0.9 |   0.9 |   0.0 |   0.9 |   0.0 | 217.0
       Ossuary |   2.2 |   2.2 |   0.0 |   0.4 |   0.0 | 500.0
               +-------+-------+-------+-------+-------+----------------------

Table legend:
 A = Kills in this place as a percentage of kills in entire the game.
 B = Kills by you in this place as a percentage of kills by you in the entire game.
 C = Kills by friends in this place as a percentage of kills by friends in the entire game.
 D = Other kills in this place as a percentage of other kills in the entire game.
 E = Experience gained in this place as a percentage of experience gained in the entire game.
 F = Experience gained in this place divided by the number of levels of this place that you have seen.
                   A       B       C       D       E      F
               +-------+-------+-------+-------+-------+----------------------
         Total | 100.0 | 100.0 | 100.0 | 100.0 | 100.0 | 5786.1
       Dungeon |  40.1 |  44.6 |  19.4 |  75.0 |  33.8 | 4428.5
          Lair |  26.2 |  19.4 |  57.5 |   0.0 |  29.8 | 7333.6
     Snake Pit |   5.8 |   6.8 |   1.5 |   0.0 |  22.6 | 11136.8
  Orcish Mines |  23.9 |  24.4 |  21.6 |  25.0 |  12.8 | 6289.5
     Labyrinth |   0.5 |   0.6 |   0.0 |   0.0 |   0.9 | 1694.0
       Ossuary |   3.6 |   4.4 |   0.0 |   0.0 |   0.1 | 233.0
               +-------+-------+-------+-------+-------+----------------------
